 Dungeon Crawl Stone Soup version 0.25.0-1-g7eea58d2a3 (webtiles) character file.

Game seed: 6980522433005084102

144535 SpaceButler the Peltast (level 18, -2/147 HPs)
             Began as a Formicid Arcane Marksman on June 14, 2020.
             Was a High Priest of Okawaru.
             Slain by an eight-headed hydra (6 damage)
             ... called by a spriggan druid
             ... on level 3 of the Swamp.
             The game lasted 05:11:11 (55750 turns).

SpaceButler the Peltast (Formicid Arcane Marksman) Turns: 55750, Time: 05:11:12

Health: -2/147     AC: 22    Str: 16    XL:     18   Next: 2%
Magic:  19/28      EV: 11    Int: 20    God:    Okawaru [*****.]
Gold:   2925       SH: 19    Dex: 11    Spells: 16/30 levels left

rFire    . . .     SeeInvis +   p - +2 arbalest (flame)
rCold    + . .     Gourm    .   R - +0 tower shield
rNeg     + + +     Faith    +   u - +6 scale mail of Minor Irritation {rN++}
rPois    +         Spirit   .   (helmet unavailable)
rElec    .         Reflect  .   E - +0 cloak {rPois}
rCorr    .         Harm     .   W - +2 pair of gloves "Lesu" {rC+ rN+ Slay+2}
MR       +....                  U - +0 pair of boots
Stlth    ..........             N - amulet of faith {!P}
HPRegen  0.34/turn              t - +4 ring of slaying
MPRegen  0.21/turn              D - +4 ring of protection

@: finesse, studying Short Blades
A: permanent stasis, dig shafts and tunnels, four strong arms, antennae 3
a: Dig, Shaft Self, Heroism, Finesse, Renounce Religion


You were on level 3 of the Swamp.
You worshipped Okawaru.
Okawaru was extremely pleased with you.
You were not hungry.

You visited 5 branches of the dungeon, and saw 27 of its levels.
You also visited: Gauntlet, Ice Cave and Volcano.

You collected 3284 gold pieces.
You spent 359 gold pieces at shops.

Inventory:

Hand Weapons
 a - the +2 hunting sling of the Reaper {venom, rElec rC++ rN+ Stlth+}
   (Okawaru gifted it to you on level 2 of the Lair of Beasts)

   It poisons the ammo it fires.
   It greatly protects you from cold.
   It insulates you from electricity.
   It protects you from negative energy.
   It makes you more stealthy.
 b - a +3 dagger of draining
 p - a +2 arbalest of flaming (weapon)
 r - a +2 mace of holy wrath
 V - a +1 vorpal fustibalus
Missiles
 d - 333 stones
 q - 140 sling bullets
 F - 25 poisoned darts
 I - 8 curare-tipped darts {!f}
 P - 27 bolts (quivered)
Armour
 k - +0 fire dragon scales
 l - a +2 chain mail of fire resistance
 u - the +6 scale mail of Minor Irritation (worn) {rN++}
   (You took it off an orc on level 8 of the Dungeon)

   It greatly protects you from negative energy.
 E - a +0 cloak of poison resistance (worn)
 R - a +0 tower shield (worn)
 U - a +0 pair of boots (worn)
 W - the +2 pair of gloves "Lesu" (worn) {rC+ rN+ Slay+2}
   (You found it in a Gauntlet)

   It affects your accuracy and damage with ranged weapons and melee attacks
   (+2).
   It protects you from cold.
   It protects you from negative energy.
Jewellery
 f - an uncursed ring of protection from magic
 t - a +4 ring of slaying (left hand)
 D - a +4 ring of protection (right hand)
 N - an amulet of faith (around neck) {!P}
 O - an uncursed amulet of reflection
 Q - an uncursed ring of protection from cold
Wands
 B - a wand of iceblast (31)
 G - a wand of disintegration (10)
 H - a wand of flame (98)
 J - a wand of acid (11)
 K - a wand of paralysis (36)
Scrolls
 g - a scroll of silence
 m - 4 scrolls of fog
 n - 7 scrolls of enchant weapon
 o - a scroll of summoning
 s - 4 scrolls of immolation {!r}
 w - 12 scrolls of remove curse {@r2}
 z - 5 scrolls of identify {@r1}
 A - 3 scrolls of enchant armour
 L - 4 scrolls of magic mapping
Potions
 c - 2 potions of mutation {!q}
 h - a potion of cancellation
 i - 4 potions of flight
 j - 8 potions of brilliance
 v - a potion of magic
 x - 2 potions of heal wounds {@q2}
 C - 4 potions of curing {@q1}
 M - 6 potions of resistance
 T - a potion of invisibility
 Y - 4 potions of ambrosia
Books
 y - a manual of Short Blades {!d}
Miscellaneous
 X - a phial of floods
 Z - a phantom mirror
Comestibles
 e - 30 rations


   Skills:
 + Level 14.5 Fighting
 - Level 11.0 Short Blades
 - Level 10.9 Slings
 + Level 10.9 Crossbows
 - Level 4.2 Armour
 - Level 4.0 Dodging
 - Level 15.0 Shields
 - Level 6.7 Spellcasting
 * Level 13.5 Hexes
 - Level 5.0 Translocations
 - Level 11.0 Earth Magic
 - Level 8.0 Invocations


You had 16 spell levels left.
You knew the following spells:

 Your Spells              Type           Power        Failure   Level  Hunger
a - Corona                Hex            ######.      1%          1    None
b - Slow                  Hex            ######..     1%          2    None
c - Portal Projectile     Hex/Tloc       #####.       2%          3    #......
d - Leda's Liquefaction   Hex/Erth       ######....   2%          4    ###....
e - Cause Fear            Hex            ######....   1%          4    ###....

Your spell library contained the following spells:

 Spells                   Type           Power        Failure   Level  Hunger
 Confusing Touch          Hex            ######..     1%          3    #......
 Dazzling Flash           Conj/Hex       ####..       6%          3    #......
 Inner Flame              Hex/Fire       ####....     6%          3    #......
 Summon Guardian Golem    Hex/Summ       ####....     6%          3    #......
 Gell's Gravitas          Tloc           ####......   13%         3    #......
 Fulminant Prism          Conj/Hex       ####......   21%         4    ###....
 Magic Dart               Conj           #...         32%         1    None
 Shock                    Conj/Air       #...         32%         1    None
 Sting                    Tmut/Pois      #...         32%         1    None
 Summon Butterflies       Summ           #.......     32%         1    None
 Summon Small Mammal      Summ           #...         32%         1    None
 Petrify                  Tmut/Erth      ####....     34%         4    ###....
 Call Imp                 Summ           #.......     45%         2    None
 Poisonous Vapours        Pois/Air       #.....       45%         2    None
 Searing Ray              Conj           #.....       45%         2    None
 Sublimation of Blood     Necr           #.........   45%         2    None
 Metabolic Englaciation   Hex/Ice        ####......   50%         5    #####..
 Silence                  Hex/Air        ####......   50%         5    #####..
 Summon Mana Viper        Hex/Summ       ####....     50%         5    #####..
 Yara's Violent Unravell  Hex/Tmut       ####......   50%         5    #####..
 Call Canine Familiar     Summ           #.......     69%         3    #......
 Ignite Poison            Fire/Tmut/Pois #.......     69%         3    #......
 Mephitic Cloud           Conj/Pois/Air  #.......     69%         3    #......
 Static Discharge         Conj/Air       #.......     69%         3    #......
 Iskenderun's Mystic Bla  Conj/Tloc      ###.....     75%         4    ###....
 Airstrike                Air            #.........   97%         4    ###....
 Olgreb's Toxic Radiance  Pois           #.......     97%         4    ###....
 Summon Ice Beast         Ice/Summ       #.......     97%         4    ###....
 Summon Lightning Spire   Summ/Air       #.......     97%         4    ###....
 Alistair's Intoxication  Tmut/Pois      #.......     100%        5    #####..
 Irradiate                Conj/Tmut      #.........   100%        5    #####..
 Lightning Bolt           Conj/Air       #.........   100%        5    #####..
 Conjure Ball Lightning   Conj/Air       #.........   100%        6    ######.
 Eringya's Noxious Bog    Tmut/Pois      #.........   100%        6    ######.
 Summon Hydra             Summ           #.........   100%        7    #######
 Tornado                  Air            #.........   100%        9    #######
 Swiftness                Chrm/Air       Unusable     N/A         2    N/A

Dungeon Overview and Level Annotations

Branches:
Dungeon (15/15)            Temple (1/1) D:4            Lair (6/6) D:9
  Swamp (3/4) Lair:3        Snake (0/4) Lair:3        Slime (0/5) Lair:6
    Orc (2/2) D:11            Elf (0/3) Orc:2        Vaults (0/5) D:14
 Depths (0/5) D:15          IceCv (visited)         Volcano (visited)
Gauntlet (visited)

Altars:
Ashenzari
Cheibriados
Dithmenos
Elyvilon
Fedhas
Gozag
Hepliaklqana
Kikubaaqudgha
Makhleb
Nemelex Xobeh
Okawaru
Qazlal
Ru
Sif Muna
Trog
Uskayaw
Vehumet
Wu Jian
Xom
Yredelemnul
Zin
The Shining One
Beogh
Jiyva

Shops:
D:4 *   D:8 [   D:10 }   D:11 ?   D:12 *   Orc:1 (   Orc:2 (=[*

Portals:
Trove: D:10 (give +5 demon blade)

Annotations:
Lair:1 Joudgh's ghost, journeyman VSAs
Lair:3 3 runed translucent doors, Oluanan's ghost, journeyman DsFi


Innate Abilities, Weirdness & Mutations

You cannot be hasted, slowed, berserked, paralysed or teleported.
You can dig through walls and to a lower floor.
Your four strong arms can wield two-handed weapons with a shield.
You have a pair of large antennae on your head. (SInv)


Message History

* * * LOW HITPOINT WARNING * * *
You block the eight-headed hydra's attack.
The eight-headed hydra bites you!!
* * * LOW HITPOINT WARNING * * *
The eight-headed hydra bites you but does no damage.
Okay, then.
Casting: Slow (safe; 1% risk of failure)
Confirm with . or Enter, or press ? or * to list all spells.
The hornet looks frightened!
The eight-headed hydra easily resists.
The alligator looks frightened!
The spiny frog looks frightened!
The eight-headed hydra no longer looks unusually strong.
You block the eight-headed hydra's attack.
The eight-headed hydra bites you but does no damage.
The eight-headed hydra barely misses you.
The eight-headed hydra bites you but does no damage.
The eight-headed hydra bites you.
* * * LOW HITPOINT WARNING * * *
You block the eight-headed hydra's attack.
The eight-headed hydra bites you.
You die...

♣≈...♣♣
♣♣≈...♣
♣♣..♣.♣♣ .≈
♣.≈≈..♣ ≈..
♣♣♣.≈≈.♣♣ ....
♣♣≈..≈..♣
≈≈..♣♣.y≈≈≈.♣♣
.≈≈....≈....♣
≈≈≈≈≈.≈≈D@.♣♣
≈≈≈≈♣.≈≈[.♣♣
.≈≈≈(((t≈♣♣
♣..≈.≈≈.♣♣
...F.≈≈(♣
##.......
F.##..(≈.. .
##....≈≈
#....♣.>


You could see an alligator (swift, fleeing), an eight-headed hydra, a spiny frog
(fleeing) and a hornet (fleeing).

Vanquished Creatures
  Rupert (D:13)
  Gastronok (D:10)
  Kirke (D:13)
  3 thorn hunters
  2 orc warlords (Orc:2)
  A juggernaut zombie (D:15)
  A very ugly thing (Swamp:3)
  A dire elephant (Lair:6)
  The ghost of Thargor the Blocker, a journeyman GrFi of the Shining One (Lair:6)
  A minotaur (Gauntlet)
  An ettin (D:14)
  Snorg (D:11)
  A fire dragon (Lair:6)
  A great orb of eyes (Gauntlet)
  A shambling mangrove (Swamp:2)
  8 hydras
  A catoblepas (Lair:6)
  2 centaur warriors
  2 two-headed ogres
  A hell hog (Volcano)
  3 death yaks (Lair:6)
  A tengu warrior (D:13)
  Urug (Lair:2)
  13 alligators
  2 orc high priests (Orc:2)
  Sonja (D:10)
  The ghost of Imnulubo the Destroyer, a novice TeFE of Vehumet (Lair:1)
  A sixfirhy (D:12)
  6 skeletal warriors
  5 unseen horrors
  4 swamp dragons
  A spark wasp zombie (D:15)
  A swamp dragon (shapeshifter) (D:13)
  2 spriggan druids
  A phantasmal warrior (D:15)
  3 necromancers
  4 lindwurms
  A shadow dragon zombie (D:15)
  3 orc sorcerers (Orc:2)
  4 orc knights (Orc:2)
  3 manticores
  3 deep elf magi
  31 ugly things
  A cyclops (D:13)
  5 elephants (Lair:6)
  3 centaur zombies
  A fire giant skeleton (D:15)
  Maurice (D:11)
  3 ice statues (IceCv)
  2 centaur skeletons
  3 black mambas
  3 torpor snails
  A gargoyle (D:15)
  9 komodo dragons
  16 spiny frogs
  A kobold demonologist (D:13)
  4 rime drakes
  An efreet (D:14)
  7 ice devils (IceCv)
  A troll (shapeshifter) (D:13)
  6 meliai
  7 tyrant leeches
  9 trolls
  8 hornets (Swamp:2)
  8 hippogriffs
  8 blink frogs (Lair:3)
  11 slime creatures
  8 polar bears
  Grinder (D:4)
  4 bog bodies
  8 dream sheep (Lair:6)
  6 spriggans
  4 shadows
  A wraith (D:11)
  A yak (shapeshifter) (D:14)
  A vampire (D:14)
  5 basilisks
  3 fire bats (Volcano)
  Grum (D:10)
  50 yaks
  4 wyverns
  16 vampire mosquitoes
  4 hungry ghosts
  6 steam dragons
  10 insubstantial wisps
  2 acid dragons
  5 swamp worms
  2 wargs
  3 two-headed ogre zombies (D:11)
  17 water moccasins
  6 hell hounds (Volcano)
  A porcupine (Lair:2)
  33 orc warriors
  2 swamp drakes
  10 sky beasts
  A hornet zombie (D:12)
  2 black bears
  An eye of draining (D:11)
  4 ice beasts
  14 centaurs
  11 ogres
  4 phantoms
  4 wolves
  8 big kobolds
  Blork the orc (D:5)
  17 crocodiles
  20 bullfrogs
  A gnoll sergeant (D:10)
  2 wyvern zombies (D:14)
  A water moccasin skeleton (D:9)
  2 troll zombies (D:11)
  4 scorpions
  12 killer bees
  11 wights
  5 electric eels
  9 howler monkeys
  2 bullfrog zombies
  10 crimson imps
  A draconian simulacrum (IceCv)
  18 jellies
  36 orc priests
  10 hounds
  40 orc wizards
  A bullfrog skeleton (D:12)
  4 iguanas
  12 worker ants
  2 troll simulacra (IceCv)
  3 spriggan simulacra (IceCv)
  3 ogre zombies (D:11)
  A centaur simulacrum (IceCv)
  A hound zombie (D:2)
  2 hound skeletons
  A howler monkey zombie (D:8)
  14 gnolls
  2 howler monkey skeletons
  An ogre simulacrum (IceCv)
  20 adders
  2 naga simulacra (IceCv)
  A shadow imp (D:10)
  An ooze (D:6)
  2 worms (D:3)
  2 dart slugs
  6 leopard geckos
  128 orcs
  8 bats
  4 giant cockroaches
  13 goblins
  9 hobgoblins
  17 jackals
  8 quokkas
  5 ball pythons
  4 frilled lizards
  4 goblin skeletons (D:11)
  2 goblin zombies (D:11)
  2 hobgoblin skeletons (D:11)
  A hobgoblin zombie (D:11)
  36 kobolds
  2 leopard gecko zombies (D:8)
  4 orc skeletons (D:11)
  12 orc zombies (D:11)
  3 quokka zombies
  10 rats
  5 demonic plants (Gauntlet)
1069 creatures vanquished.

Vanquished Creatures (others)
  A swamp worm (Swamp:2)
  2 wights (D:11)
  3 demonic plants (Gauntlet)
  5 fungi
  10 plants
  5 withered plants
26 creatures vanquished.

Grand Total: 1095 creatures vanquished

Notes
Turn   | Place    | Note
-------+----------+-------------------------------------------
     0 | D:1      | SpaceButler the Formicid Arcane Marksman began the quest
                  | for the Orb.
     0 | D:1      | Reached XP level 1. HP: 15/15 MP: 2/2
   168 | D:1      | Reached XP level 2. HP: 21/21 MP: 3/3
   381 | D:1      | Learned a level 2 spell: Slow
   577 | D:1      | Reached XP level 3. HP: 21/26 MP: 3/5
  1231 | D:1      | Reached XP level 4. HP: 31/33 MP: 6/6
  1784 | D:2      | Reached XP level 5. HP: 38/38 MP: 6/8
  2264 | D:2      | Reached XP level 6. HP: 29/46 MP: 2/9
  2604 | D:2      | Learned a level 3 spell: Portal Projectile
  2609 | D:2      | Learned a level 4 spell: Leda's Liquefaction
  3398 | D:3      | Reached skill level 1 in Shields
  4152 | D:3      | HP: 1/46 [orc priest/nerve-wracking pain (12)]
  5060 | D:3      | Reached XP level 7. HP: 52/52 MP: 0/11
  5319 | D:4      | Found Osiviab's General Store.
  5329 | D:4      | Found a staircase to the Ecumenical Temple.
  5338 | Temple   | Entered the Ecumenical Temple
  5432 | Temple   | Became a worshipper of Warmaster Okawaru
  5452 | D:4      | Reached skill level 2 in Shields
  5489 | D:4      | Reached skill level 5 in Hexes
  5702 | D:4      | You fall into a shaft and drop 2 floors!
  5750 | D:6      | Reached skill level 5 in Slings
  5791 | D:5      | Entered Level 5 of the Dungeon
  5946 | D:5      | Noticed Blork the orc
  5973 | D:5      | Killed Blork the orc
  5973 | D:5      | Reached skill level 1 in Translocations
  6188 | D:4      | Bought a scroll of remove curse for 33 gold pieces
  6194 | D:4      | Noticed Grinder
  6229 | D:4      | HP: 1/52 [Grinder (2)]
  6230 | D:4      | Killed Grinder
  6230 | D:4      | Reached * piety under Okawaru
  6230 | D:4      | Reached XP level 8. HP: 1/60 MP: 11/13
  7091 | D:4      | Found a shimmering blue altar of Sif Muna.
  7427 | D:5      | Noticed a water elemental
  7434 | D:5      | Found a stormy altar of Qazlal.
  7436 | D:5      | Noticed a fire elemental
  7437 | D:5      | Noticed an air elemental
  7871 | D:5      | Reached ** piety under Okawaru
  8159 | D:5      | HP: 3/61 [orc priest/divine providence (7)]
  8163 | D:5      | HP: 1/61 [orc wizard/+0 dagger (1)]
  8177 | D:5      | Reached XP level 9. HP: 5/66 MP: 10/15
 10584 | D:6      | Reached skill level 5 in Fighting
 10767 | D:6      | Learned a level 4 spell: Cause Fear
 12203 | D:7      | Reached skill level 5 in Spellcasting
 12794 | D:7      | Reached *** piety under Okawaru
 12995 | D:7      | Reached XP level 10. HP: 25/76 MP: 7/17
 14080 | D:8      | Reached skill level 1 in Earth Magic
 14939 | D:8      | Found a glowing golden altar of the Shining One.
 15368 | D:8      | Received a gift from Okawaru
 15904 | D:8      | Identified the +6 scale mail of Minor Irritation {rN++}
 16031 | D:8      | Found Pomodgh's Armour Shop.
 16512 | D:9      | Reached **** piety under Okawaru
 16677 | D:9      | Found a radiant altar of Vehumet.
 17034 | D:9      | Found a staircase to the Lair.
 17119 | D:9      | Reached XP level 11. HP: 82/83 MP: 20/20
 17250 | D:9      | Reached skill level 1 in Armour
 17718 | D:10     | Entered Level 10 of the Dungeon
 17771 | D:10     | Reached skill level 10 in Slings
 17857 | D:10     | Reached skill level 5 in Earth Magic
 18492 | D:10     | Found Fiemno's Gadget Shop.
 18584 | D:10     | Received a gift from Okawaru
 18890 | D:10     | Noticed Grum
 18899 | D:10     | Killed Grum
 19390 | D:9      | Reached ***** piety under Okawaru
 19602 | D:10     | Noticed Sonja
 19612 | D:10     | Killed Sonja
 19612 | D:10     | Received a gift from Okawaru
 19998 | D:10     | Noticed Gastronok
 20041 | D:10     | Killed Gastronok
 20041 | D:10     | Received a gift from Okawaru
 20041 | D:10     | Reached skill level 5 in Translocations
 20359 | D:10     | Found a portal to a secret trove of treasure.
 20980 | D:11     | Noticed a six-headed hydra
 21042 | Lair:1   | Entered Level 1 of the Lair of Beasts
 21075 | Lair:1   | Found a runed translucent gate.
 21075 | Lair:1   | Found a runed translucent gate.
 21096 | Lair:1   | Reached skill level 3 in Shields
 21279 | Lair:1   | Found a runed translucent gate.
 21285 | Lair:1   | Noticed Imnulubo's ghost (novice TeFE)
 21285 | Lair:1   | Noticed Joudgh's ghost (journeyman VSAs)
 21652 | Lair:1   | Received a gift from Okawaru
 21669 | Lair:1   | Reached XP level 12. HP: 91/91 MP: 22/22
 21670 | Lair:1   | Got a pitted arbalest {god gift}
 21671 | Lair:1   | Identified the +3 arbalest "Taussymac" {elec, MR- Str+8
                  | Dex+2} (Okawaru gifted it to you on level 1 of the Lair of
                  | Beasts)
 22643 | Lair:1   | Reached skill level 1 in Crossbows
 22643 | Lair:1   | Reached skill level 4 in Shields
 23559 | Lair:1   | Reached skill level 5 in Shields
 23730 | Lair:2   | Noticed Urug
 23813 | Lair:2   | Killed Urug
 24367 | Lair:2   | Reached skill level 6 in Shields
 24488 | Lair:2   | Received a gift from Okawaru
 24491 | Lair:2   | Got an iridescent hunting sling {god gift}
 24492 | Lair:2   | Identified the +2 hunting sling of the Reaper {venom, rElec
                  | rC++ rN+ Stlth+} (Okawaru gifted it to you on level 2 of
                  | the Lair of Beasts)
 25283 | Lair:1   | Reached skill level 7 in Shields
 25490 | Lair:2   | Reached skill level 5 in Crossbows
 25914 | Lair:3   | Found a staircase to the Swamp.
 26328 | Lair:3   | Reached skill level 8 in Shields
 26416 | Lair:3   | Found a staircase to the Snake Pit.
 26481 | Lair:3   | Found a runed translucent gate.
 26481 | Lair:3   | Found a runed translucent gate.
 26482 | Lair:3   | Found a runed translucent gate.
 26484 | Lair:3   | Noticed Oluanan's ghost (journeyman DsFi)
 26524 | Lair:3   | Received a gift from Okawaru
 26524 | Lair:3   | Reached XP level 13. HP: 85/101 MP: 23/23
 26838 | Lair:3   | Noticed a seven-headed hydra
 26944 | Lair:3   | Killed a seven-headed hydra
 27697 | Lair:3   | Reached skill level 9 in Shields
 28082 | Lair:4   | Received a gift from Okawaru
 28082 | Lair:4   | Reached ****** piety under Okawaru
 28745 | Lair:5   | Received a gift from Okawaru
 28810 | Lair:5   | Found a gate leading to a gauntlet.
 28822 | Gauntlet | Entered a Gauntlet
 28822 | Gauntlet | Found a transporter.
 28822 | Gauntlet | Found a transporter.
 28840 | Gauntlet | Found a transporter.
 28840 | Gauntlet | Found a transporter.
 28864 | Gauntlet | Found a transporter.
 28874 | Gauntlet | Found a transporter.
 28874 | Gauntlet | Found a transporter.
 28874 | Gauntlet | Noticed a catoblepas
 28874 | Gauntlet | Noticed a great orb of eyes
 28898 | Gauntlet | Found a transporter.
 28915 | Gauntlet | Found a transporter.
 28933 | Gauntlet | Found a transporter.
 28957 | Gauntlet | Found a transporter.
 28972 | Gauntlet | Found a transporter.
 28990 | Gauntlet | Found a transporter.
 29089 | Gauntlet | Found a transporter.
 29103 | Gauntlet | Found a transporter.
 29116 | Gauntlet | Found a transporter.
 29371 | Gauntlet | Reached skill level 10 in Shields
 29371 | Gauntlet | Reached skill level 1 in Invocations
 29390 | Gauntlet | Got a pair of fine gloves
 29401 | Gauntlet | Identified the +2 pair of gloves "Lesu" {rC+ rN+ Slay+2}
                  | (You found it in a Gauntlet)
 29602 | Gauntlet | Killed a great orb of eyes
 29887 | Gauntlet | Identified the ring "Lentijuwuel" {Ice rPois MP+9 Str+2}
 29887 | Gauntlet | Noticed a minotaur
 29914 | Gauntlet | Killed a minotaur
 29914 | Gauntlet | Received a gift from Okawaru
 30221 | Lair:5   | Found an ancient bone altar of Kikubaaqudgha.
 30273 | Lair:5   | Reached skill level 10 in Fighting
 30642 | Lair:5   | Reached skill level 11 in Shields
 31139 | Lair:5   | Noticed a six-headed hydra
 31153 | Lair:5   | Killed a six-headed hydra
 31434 | Lair:6   | Entered Level 6 of the Lair of Beasts
 31723 | Lair:6   | Noticed Thargor's ghost (journeyman GrFi)
 31725 | Lair:6   | Found a runed translucent door.
 31931 | Lair:6   | Reached XP level 14. HP: 109/111 MP: 24/24
 32027 | Lair:6   | Found a staircase to the Slime Pits.
 32187 | Lair:6   | Reached skill level 12 in Shields
 32187 | Lair:6   | Reached skill level 5 in Invocations
 32356 | Lair:6   | Noticed a dire elephant
 32409 | Lair:6   | Killed a dire elephant
 32582 | Lair:6   | Received a gift from Okawaru
 32985 | Lair:6   | Reached skill level 13 in Shields
 35064 | Lair:6   | Killed Thargor's ghost
 35064 | Lair:6   | Received a gift from Okawaru
 35064 | Lair:6   | Reached skill level 14 in Shields
 35987 | D:11     | Reached XP level 15. HP: 120/120 MP: 25/25
 36107 | D:11     | Found a staircase to the Orcish Mines.
 36183 | D:11     | Noticed Maurice
 36214 | D:11     | Killed Maurice
 36560 | D:11     | Found Buxobb's Magic Scroll Emporium.
 36582 | D:11     | Bought a scroll of identify for 26 gold pieces
 36582 | D:11     | Bought a scroll of fear for 45 gold pieces
 36666 | D:11     | Noticed Snorg
 36685 | D:11     | Killed Snorg
 37253 | Orc:1    | Entered Level 1 of the Orcish Mines
 37438 | Orc:1    | Found a dark tunnel.
 37459 | Volcano  | Entered a volcano
 37485 | Volcano  | Reached skill level 15 in Shields
 37510 | Volcano  | Received a gift from Okawaru
 37719 | Orc:2    | Entered Level 2 of the Orcish Mines
 38018 | Orc:2    | Found a roughly hewn altar of Beogh.
 38116 | Orc:2    | Received a gift from Okawaru
 38195 | Orc:2    | Found a staircase to the Elven Halls.
 38488 | Orc:2    | Received a gift from Okawaru
 38597 | Orc:2    | Noticed an orc warlord
 38651 | Orc:2    | Killed an orc warlord
 38946 | Orc:2    | Found a roughly hewn altar of Beogh.
 39085 | Orc:2    | Found Tef Puce's General Store.
 39098 | Orc:2    | Found Sada's Antique Weapon Shoppe.
 39113 | Orc:2    | Found Sismink's Antique Armour Shoppe.
 39312 | Orc:2    | Found Ziqaps's Jewellery Shoppe.
 39318 | Orc:2    | Bought a cursed ring of protection from magic for 242 gold
                  | pieces
 40219 | Orc:1    | Noticed an orc warlord
 40335 | Orc:2    | Killed an orc warlord
 40527 | Orc:2    | Received a gift from Okawaru
 40709 | Orc:1    | Found Zapeywu's Weapon Boutique.
 41018 | Lair:1   | Killed Imnulubo's ghost
 41115 | Lair:1   | Got a pair of slimy boots
 41183 | D:9      | Identified the +2 pair of boots of Vlad {rElec rCorr Int-5}
                  | (You found it on level 1 of the Lair of Beasts)
 41383 | D:11     | Bought a scroll of random uselessness for 13 gold pieces
 41449 | D:12     | Reached skill level 1 in Short Blades
 41753 | D:12     | Found Ihun's General Store.
 41925 | D:12     | Found a runed translucent door.
 43347 | D:13     | Found a frozen archway.
 43437 | IceCv    | Entered an ice cave
 43552 | IceCv    | Reached XP level 16. HP: 130/130 MP: 23/26
 45027 | IceCv    | Got a twisted plate armour
 45038 | IceCv    | Identified the +4 plate armour "Ixopeh" {-Tele rC++ Dex+3}
                  | (You found it in an ice cave)
 45066 | IceCv    | Got a fine plate armour
 45072 | IceCv    | Identified the +0 plate armour "Pamaob" {rElec rPois rCorr
                  | Int-5} (You found it in an ice cave)
 45303 | D:13     | Received a gift from Okawaru
 45306 | D:13     | Reached skill level 5 in Short Blades
 45377 | D:13     | Reached skill level 10 in Earth Magic
 45631 | D:13     | Found a viscous altar of Jiyva.
 46247 | D:13     | Noticed Kirke
 46258 | D:13     | Killed Kirke
 46944 | D:14     | Noticed Rupert
 47030 | D:13     | Killed Rupert
 47030 | D:13     | Received a gift from Okawaru
 48110 | D:14     | Found a gate to the Vaults.
 48387 | D:14     | Reached skill level 10 in Hexes
 48783 | D:15     | Entered Level 15 of the Dungeon
 48921 | D:15     | Found a staircase to the Depths.
 49358 | D:15     | Found a shimmering blue altar of Sif Muna.
 49373 | D:15     | Received a gift from Okawaru
 49647 | D:15     | Reached XP level 17. HP: 21/138 MP: 17/27
 50823 | D:15     | Reached skill level 10 in Short Blades
 51260 | Swamp:1  | Entered Level 1 of the Swamp
 51703 | Swamp:1  | Noticed a thorn hunter
 51714 | Swamp:1  | Killed a thorn hunter
 51714 | Swamp:1  | Reached skill level 10 in Crossbows
 51721 | Swamp:1  | Received a gift from Okawaru
 52049 | Swamp:1  | You fall into a shaft and drop 1 floor!
 53076 | Swamp:2  | Noticed a thorn hunter
 53087 | Swamp:2  | Killed a thorn hunter
 53563 | Swamp:1  | Received a gift from Okawaru
 53674 | Swamp:1  | Noticed a thorn hunter
 53684 | Swamp:1  | Killed a thorn hunter
 54017 | Swamp:1  | Received a gift from Okawaru
 54792 | Swamp:2  | Received a gift from Okawaru
 55564 | Swamp:3  | Reached XP level 18. HP: 106/147 MP: 28/28
 55749 | Swamp:3  | HP: 7/147 [eight-headed hydra[a spriggan druid] (19)]
 55750 | Swamp:3  | Slain by an eight-headed hydra

Illustrated notes

Levels and vault maps discovered:
D:1:      ebering_trefoil_3fold, layout_basic, minmay_hexomino_p4
D:2:      layout_basic, first_ration
D:3:      layout_loops_ring
D:4:      layout_rooms, minmay_temple_entry_butterflies, serial_shops, shop,
          minmay_misc_feat_more_columns, minmay_ruined_shrine, uniq_grinder
D:5:      layout_gridville, hex_large, nicolae_qazlal_style_of_elements,
          uniq_blork_the_orc
D:6:      layout_loops_ring
D:7:      layout_loops_cross, minmay_manual_monstrance
D:8:      minmay_four_partial_circles, layout_basic, serial_shops,
          kennysheep_mini_moat, the_bakery, lemuel_altar_in_water
D:9:      layout_loops_corners, old_standard_altar, lair_entry_dummy
D:10:     layout_basic, serial_shops, nicolae_shop_crystal, enter_trove_6,
          uniq_sonja, uniq_gastronok, uniq_grum
D:11:     layout_cave_pods, zombieorc2_lemuel, serial_shops, shop_statue,
          uniq_maurice, uniq_snorg
D:12:     cheibrodos_shockbox, layout_layer_cave, serial_shops, shop_statue,
          kennysheep_nub
D:13:     layout_basic, enter_bailey_3,
          portal_ice_cave_entry_animals_and_master, hangedman_decor_push,
          jiyva_altar_1, uniq_kirke
D:14:     layout_irregular_city, david_vaults_4, minmay_misc_feat_chi,
          uniq_rupert
D:15:     gammafunk_depths_entry_grave, layout_cross, old_standard_altar
Temple:   compressed_dpeg_circular_temple
Lair:1:   layout_regular_city, gammafunk_ghost_cemetery
Lair:2:   layout_loops_ring, beast_lair_carwin_1, grunt_megastairs_1, uniq_urug
Lair:3:   layout_cave_pods, skrybe_swamp_entry_bodies,
          minmay_snake_entry_six_corridors, ebering_ghost_rock_garden,
          st_stairs_4
Lair:4:   layout_gridlike
Lair:5:   layout_cave_pods, gauntlet_entry_generic, basic_altar,
          gammafunk_lair_bear_cave
Lair:6:   guppyfry_lair_end_dragon, layout_hall_layers,
          hangedman_lair_in_review, minmay_slime_entry_jelly_boxes,
          gammafunk_ghost_grave
Swamp:1:  layout_basic_swamp, evilmike_swamp_ruin_house_2, swamp_pool2
Swamp:2:  layout_falls_marsh, evilmike_swamp_ruin_house_5,
          infiniplex_staircase_pool
Swamp:3:  layout_falls_marsh, evilmike_swamp_ruin_house_4
Orc:1:    layout_diamond_mine, serial_shops, shop,
          lightli_volcano_entry_magma_tube
Orc:2:    grunt_orc_cross, layout_caves, bh_open_orc_temple

Skill      XL: |  1  2  3  4  5  6  7  8  9 10 11 12 13 14 15 16 17 |
---------------+----------------------------------------------------+-----
Slings         | 3 4 6 7 8 9 10 | 10.9
Hexes          | 4 5 6 7 8 10 13 | 13.5
Fighting       | 2 3 4 5 6 7 9 10 11 13 14 | 14.5
Spellcasting   | 2 3 4 5 6 |  6.7
Shields        | 1 2 3 8 11 14 15 | 15.0
Translocations | 1 2 3 4 5 |  5.0
Dodging        | 4 |  4.0
Earth Magic    | 4 5 9 11 | 11.0
Armour         | 4 |  4.2
Crossbows      | 6 7 8 9 10 | 10.9
Invocations    | 4 7 8 |  8.0
Short Blades   | 4 9 11 | 11.0

Action                   |  1- 3 |  4- 6 |  7- 9 | 10-12 | 13-15 | 16-18 || total
-------------------------+-------+-------+-------+-------+-------+-------++-------
Melee: Dagger            |       |    11 |    33 |   185 |   130 |   173 ||   532
 Fire: Hunting sling     |   101 |   253 |   793 |  1218 |  2031 |   295 ||  4691
       Arbalest          |       |       |       |       |       |   763 ||   763
Throw: Dart              |       |       |       |    10 |     9 |       ||    19
       Javelin           |       |       |       |       |     7 |       ||     7
 Cast: Corona            |     5 |    47 |    25 |    18 |       |       ||    95
       Slow              |     6 |    27 |    49 |    73 |   141 |    54 ||   350
       Portal Projectile |       |       |    25 |     4 |    13 |    18 ||    60
       Leda's Liquefacti |       |       |       |       |     4 |     7 ||    11
       Cause Fear        |       |       |       |       |       |     1 ||     1
Invok: Heroism           |       |       |     2 |     4 |    12 |     8 ||    26
       Finesse           |       |       |       |       |     7 |     8 ||    15
 Abil: Dig               |       |       |       |     3 |     3 |       ||     6
Evoke: Wand              |       |       |     4 |     8 |     1 |     1 ||    14
       Phial of floods   |       |       |       |       |       |     1 ||     1
  Use: Potion            |     1 |     2 |     4 |     1 |     2 |     3 ||    13
       Scroll            |       |     3 |     4 |     4 |    13 |     7 ||    31
  Eat: Chunk             |     1 |    11 |    12 |    16 |    29 |     8 ||    77
       Ration            |       |     1 |     5 |     8 |     7 |     9 ||    30
Armor: Robe              |    18 |    13 |       |       |       |       ||    31
       Leather armour    |       |     1 |    93 |    31 |       |       ||   125
       Skin              |       |       |    14 |       |       |       ||    14
       Scale mail        |       |       |       |   178 |   202 |   319 ||   699
       Fire dragon scale |       |       |       |       |    20 |       ||    20
Dodge: Dodged            |    46 |    71 |   156 |   215 |   169 |   249 ||   906
Block: Buckler           |       |    12 |    63 |    45 |       |       ||   120
       Tower shield      |       |       |       |   223 |   497 |   822 ||  1542
